 Dungeon Crawl Stone Soup version 0.28-a0-1404-g4df0f3684d (webtiles) character file.

Game seed: 8349277301862597435

1545 bande the Chopper (level 8, -9/49 HPs)
             Began as a Gargoyle Fighter on Jan 6, 2022.
             Killed from afar by a ynoxinul (13 damage)
             ... with an iron shot
             ... on level 2 of the Abyss.
             The game lasted 00:15:29 (9125 turns).

bande the Chopper (Gargoyle Fighter)                Turns: 9125, Time: 00:15:30

Health: -9/49      AC: 15    Str: 21    XL:     8   Next: 87%
Magic:  8/8        EV:  9    Int:  8    God:
Gold:   364        SH: 10    Dex: 11    Spells: 7/7 levels left

rFire   . . .      SeeInvis .   a - +1 war axe (venom)
rCold   . . .      Faith    .   c - +0 buckler
rNeg    + + .      Spirit   .   b - +0 scale mail
rPois   ∞          Reflect  +   g - +0 helmet
rElec   +          Harm     .   t - +0 cloak
rCorr   .          Rampage  .   (no gloves)
Will    .....                   (no boots)
Stlth   ..........              e - amulet of reflection
HPRegen 0.16/turn               h - ring of positive energy
MPRegen 0.11/turn               (no ring)

@: no status effects
A: sickness immunity, AC +5, negative energy resistance 1, electricity
resistance, torment resistance 1, petrification resistance
a: no special abilities


You were on level 2 of the Abyss.
You visited 1 branch of the dungeon, and saw 5 of its levels.
You visited the Abyss 1 time.

You collected 364 gold pieces.

Inventory:

Hand Weapons
 a - a +1 war axe of venom (weapon)
 s - the +4 mace "Cetuoss" {freeze, *Slow Str+4 Int+9 Dex+2}
   (You found it on level 5 of the Dungeon)

   It freezes those it strikes, dealing additional cold damage.
   It can also slow down cold-blooded creatures.
   Str:       It affects your strength (+4).
   Int:       It affects your intelligence (+9).
   Dex:       It affects your dexterity (+2).
   *Slow:     It may slow you when you take damage.
Armour
 b - a +0 scale mail (worn)
 c - a +0 buckler (worn)
 g - a +0 helmet (worn)
 t - a +0 cloak (worn)
Jewellery
 e - an amulet of reflection (around neck)
 h - a ring of positive energy (left hand)
 i - a ring of magical power
Wands
 l - a wand of polymorph (7)
 o - a wand of flame (4)
Potions
 d - 2 potions of might
 f - 2 potions of flight
 j - a potion of invisibility {unknown}
 k - 2 potions of ambrosia
 m - 3 potions of brilliance
 n - 3 potions of curing
 p - a potion of mutation {unknown}
 q - a potion of lignification {unknown}
 r - a potion of degeneration {unknown}


   Skills:
 + Level 5.3 Fighting
 + Level 6.4 Axes
 + Level 5.7 Armour
 - Level 0.3 Stealth
 + Level 5.8 Shields
 * Level 3.5 Evocations


You had 7 spell levels left.
You didn't know any spells.
Your spell library contained the following spells:

 Spells                   Type           Power      Damage    Failure   Level
 Call Canine Familiar     Summ           0%         N/A       99%         3
 Portal Projectile        Hex/Tloc       0%         N/A       99%         3
 Leda's Liquefaction      Hex/Erth       0%         N/A       100%        4


Dungeon Overview and Level Annotations

Branches:
Dungeon (5/15)
 Temple: D:4-7

Altars:
Cheibriados
Makhleb
Trog

Shops:
D:5 (

Portals:
Abyss: D:5

Annotations:
D:4 2 transporters, Adrian566's ghost, amateur DsFi
D:5 1 transporter


Innate Abilities, Weirdness & Mutations

You are immune to sickness and miasma.
Your stone body is resilient. (AC +5)
You are immune to poison.
You resist negative energy. (rN+)
You are resistant to electric shocks. (rElec)
You are resistant to unholy torment.
You are immune to petrification.


Message History

The raiju barely misses you. You block the ufetubus's attack.
The ufetubus barely misses you.
The thrashing horror tramples you but does no damage. x2
You hit the raiju.
The raiju looks as sick as possible!
The raiju is heavily wounded.
You closely miss the thrashing horror. You hit the ufetubus.
The ufetubus is poisoned.
You kill the ufetubus!
The ufetubus disappears in a puff of smoke!
You block the thrashing horror's attack.
The thrashing horror tramples you.
You hold your ground!
A raiju comes into view.
The raiju completely misses you. The raiju bites you but does no damage.
The raiju barks!
You slash the raiju!
The raiju is severely wounded.
You hit the thrashing horror but do no damage.
You block the thrashing horror's attack. x2
The thrashing horror tramples you but does no damage. x2
The raiju bursts into living lightning!
The living lightning hits the raiju.
The raiju completely resists.
The living lightning hits you. You resist.
The raiju blinks!
The raiju bursts into living lightning!
The living lightning hits you. You resist.
The raiju blinks!
You slash the raiju!
You kill the raiju!
You barely miss the thrashing horror. You hit the raiju.
The thrashing horror tramples you!
* * * LOW HITPOINT WARNING * * *
You hold your ground!
The thrashing horror tramples you but does no damage.
The raiju bites you.
* * * LOW HITPOINT WARNING * * *
The raiju shocks you. You resist.
* * * LOW HITPOINT WARNING * * *
The thrashing horror tramples you but does no damage.
You block the thrashing horror's attack.
The ynoxinul gestures at you. The iron shot hits you!
You die...

....# . # #
.........##### # ..
............... .
........... ... .
......... .. ##
......# . . .
#.#########X....##...
##..3......#........
. #.
#######.#@...._.. . .
. # # #..53h#.....#
.. #. ##...###...###.
. # ## ########5####
# ##.§....3.5.5 .. ..
.. #### ####### # ###
# . .


You could see a thrashing horror, a raiju, a ynoxinul and an ufetubus
(summoned).

Vanquished Creatures
  The ghost of SirDiesAlot the Magician, a novice DjCj (D:5)
  A raiju (Abyss:2)
  A water moccasin (D:4)
  A black bear (D:3)
  2 ogres
  2 phantoms (D:5)
  A small abomination (D:5)
  A scorpion (D:5)
  A vampire bat (D:5)
  2 hounds
  Crazy Yiuf (D:5)
  Jessica (D:2)
  3 iguanas
  A hound skeleton (D:3)
  Robin (D:2)
  7 adders
  2 adder skeletons (D:4)
  5 worms
  A dart slug (D:1)
  3 orcs
  14 bats
  14 endoplasms
  7 giant cockroaches
  14 goblins
  15 hobgoblins
  2 jackals (D:1)
  10 kobolds
  7 quokkas
  5 ball pythons
  5 frilled lizards
  6 rats
137 creatures vanquished.

Vanquished Creatures (others)
  13 plants
13 creatures vanquished.

Grand Total: 150 creatures vanquished

Notes
Turn   | Place    | Note
-------+----------+-------------------------------------------
     0 | D:1      | bande the Gargoyle Fighter began the quest for the Orb.
     0 | D:1      | Reached XP level 1. HP: 14/14 MP: 1/1
   151 | D:1      | Found a faded altar of an unknown god.
   155 | D:1      | Reached XP level 2. HP: 19/19 MP: 2/2
   562 | D:1      | Reached skill level 2 in Axes
   749 | D:1      | Reached XP level 3. HP: 23/23 MP: 3/3
  2380 | D:2      | Noticed Robin
  2398 | D:1      | HP: 1/23 [goblin[Robin] (2)]
  2931 | D:1      | Reached XP level 4. HP: 15/28 MP: 4/4
  3534 | D:2      | Killed Robin
  3579 | D:2      | Noticed Jessica
  3591 | D:2      | Killed Jessica
  3971 | D:2      | Reached skill level 3 in Axes
  4405 | D:2      | Reached XP level 5. HP: 29/33 MP: 5/5
  6032 | D:3      | Found a snail-covered altar of Cheibriados.
  6034 | D:3      | Found a bloodstained altar of Trog.
  6035 | D:3      | Found a burning altar of Makhleb.
  6176 | D:3      | Noticed a black bear
  6182 | D:3      | Killed a black bear
  6183 | D:3      | Reached skill level 4 in Axes
  6183 | D:3      | Reached XP level 6. HP: 34/38 MP: 6/6
  6400 | D:4      | Reached skill level 1 in Evocations
  6430 | D:4      | Noticed a water moccasin
  6438 | D:4      | Killed a water moccasin
  6439 | D:4      | Reached XP level 7. HP: 22/44 MP: 7/7
  6928 | D:4      | Found a transporter.
  6932 | D:4      | Identified the +3 scale mail "Wusuefek" {rF+}
  7009 | D:4      | Found a transporter.
  7204 | D:4      | Noticed Adrian566's ghost (amateur DsFi)
  7225 | D:5      | Entered Level 5 of the Dungeon
  7315 | D:5      | Found a runed translucent door.
  7316 | D:5      | Noticed Crazy Yiuf
  7376 | D:5      | Reached skill level 5 in Axes
  7498 | D:5      | Reached skill level 5 in Armour
  7498 | D:5      | Reached skill level 5 in Shields
  7585 | D:5      | Found a transporter.
  7602 | D:5      | Found a transporter.
  7603 | D:5      | Found a one-way gate to the infinite horrors of the Abyss.
  7603 | D:5      | Noticed SirDiesAlot's ghost (novice DjCj)
  7660 | D:5      | Noticed a small abomination
  7693 | D:5      | Reached XP level 8. HP: 15/48 MP: 8/8
  8654 | D:5      | Found Juko's Antique Weapon Shoppe.
  8688 | D:5      | Reached skill level 5 in Fighting
  8778 | D:5      | Killed Crazy Yiuf
  8783 | D:5      | Identified the +4 mace "Cetuoss" {freeze, *Slow Str+4 Int+9
                  | Dex+2}
  9041 | D:5      | Killed SirDiesAlot's ghost
  9042 | D:5      | Reached skill level 6 in Axes
  9043 | D:5      | Cast into level 2 of the Abyss (kobold brigand)
  9065 | Abyss:2  | Found a corrupted altar of Lugonu.
  9077 | Abyss:2  | Noticed a ynoxinul
  9117 | Abyss:2  | Noticed a thrashing horror
  9117 | Abyss:2  | Noticed a raiju
  9122 | Abyss:2  | Noticed a raiju
  9124 | Abyss:2  | Killed a raiju
  9125 | Abyss:2  | Killed from afar by a ynoxinul

Illustrated notes

Levels and vault maps discovered:
D:1:      beargit_arrival_greenhouse, layout_basic, basic_ecumenical_altar,
          serial_bayou_pond_c, minmay_surrounded
D:2:      layout_rooms, corner_web_ring, minmay_misc_feat_enclosed, st_stairs_5,
          chequers_big_river, minmay_misc_feat_alley, kennysheep_small_spiral,
          nicolae_wormholes, uniq_jessica, uniq_robin
D:3:      layout_loops_ring, minitemple, minmay_fractal_squares_5
D:4:      layout_rooms, gammafunk_ghost_gnarly_gnolls, minmay_cupped
D:5:      layout_basic, gammafunk_ghost_abyssal_escape, serial_shops,
          nicolae_lakefront_shop, roderic_batcave, nrook_mini_backslash,
          uniq_crazy_yiuf_cottage
Abyss:2:  base:
D:1

Skill      XL: |  1  2  3  4  5  6  7  8 |
---------------+-------------------------+-----
Axes           | 2 3 4 5 6 |  6.4
Armour         | 4 5 |  5.7
Shields        | 4 5 |  5.8
Fighting       | 4 5 |  5.3
Evocations     | 1 2 3 |  3.5
Stealth        | |  0.3

Action                   |  1- 3 |  4- 6 |  7- 9 || total
-------------------------+-------+-------+-------++-------
Melee: War axe           |   127 |   169 |   154 ||   450
  Use: Potion            |       |     1 |     1 ||     2
       Scroll            |       |     5 |     6 ||    11
Armor: Scale mail        |   100 |    93 |    71 ||   264
Dodge: Dodged            |    70 |    87 |    63 ||   220
Block: Buckler           |    37 |    89 |   103 ||   229
       Reflection        |       |     2 |       ||     2

Table legend: (Time is in decaauts)
 A = Elapsed time spent in this place.
 B = Non-inter-level travel time spent in this place.
 C = Inter-level travel time spent in this place.
 D = Time resting spent in this place.
 E = Time spent auto-exploring this place.
 F = Levels seen in this place.
 G = Mean time per level.
                   A        B        C        D        E       F      G
               +--------+--------+--------+--------+--------+-----+--------+
         Total |   9313 |   9095 |    218 |   3472 |   4107 |   6 | 1552.2 |
       Dungeon |   9229 |   9011 |    218 |   3472 |   4107 |   5 | 1845.8 |
         Abyss |     83 |     83 |      0 |      0 |      0 |   1 |   83.0 |
               +--------+--------+--------+--------+--------+-----+--------+

Top non-repeatable levels by time:
     D:1: 3351 daAuts
     D:2: 2332 daAuts
     D:5: 1844 daAuts
     D:3: 982 daAuts
     D:4: 718 daAuts
 Abyss:2: 83 daAuts
